 Dungeon Crawl Stone Soup version 0.30-a0-311-gf115ab0292 (webtiles) character file.

Game seed: 4759665055496056150

6 SneakySnake the Conjurer (level 1, -1/10 HPs)
             Began as a Deep Elf Conjurer on Oct 25, 2022.
             Slain by a kobold
             ... wielding a +0 dagger
              (4 damage)
             ... on level 1 of the Dungeon.
             The game lasted 00:00:46 (67 turns).

SneakySnake the Conjurer (Deep Elf Conjurer)          Turns: 67, Time: 00:00:47

Health: -1/10      AC:  2    Str:  4    XL:     1   Next: 75%
Magic:  0/6        EV: 12    Int: 22    God:
Gold:   6          SH:  0    Dex: 13    Spells: 5/6 levels left

rFire   . . .      SeeInvis .    (no weapon)
rCold   . . .      Faith    .    (no shield)
rNeg    . . .      Spirit   .    a - +0 robe
rPois   .          Reflect  .    (no helmet)
rElec   .          Harm     .    (no cloak)
rCorr   .          Rampage  .    (no gloves)
Will    .....                    (no boots)
Stlth   ++........               (no amulet)
HPRegen 0.21/turn                (no ring)
MPRegen 0.10/turn                (no ring)

@: very slightly contaminated
A: no striking features
a: no special abilities


You were on level 1 of the Dungeon.
You visited 1 branch of the dungeon, and saw 1 of its levels.

You collected 6 gold pieces.

Inventory:

Armour
 a - a +0 robe (worn)
Potions
 b - a potion of magic


   Skills:
 - Level 2.5 Dodging
 - Level 2.5 Stealth
 + Level 3.2 Spellcasting
 + Level 4.5 Conjurations


You had 5 spell levels left.
You knew the following spells:

 Your Spells              Type           Power      Damage    Failure   Level
a - Magic Dart            Conj           92%        1d7       1%          1

Your spell library contained the following spells:

 Spells                   Type           Power      Damage    Failure   Level
 Searing Ray              Conj           46%        2d6       2%          2
 Dazzling Flash           Conj/Hex       26%        N/A       14%         3
 Fulminant Prism          Conj/Hex       6%         3d7       43%         4
 Iskenderun's Mystic Bla  Conj/Tloc      13%        2d5       43%         4


Dungeon Overview and Level Annotations

Branches:
Dungeon (1/15)

Altars:


Message History

Aiming: Magic Dart (safe; 1% risk of failure)
Press: ? - help, Shift-Dir - straight line, f - ball python
Aim: a ball python (constricting you, 100% to hit)
The magic dart hits the ball python.
The ball python is severely wounded.
The ball python bites you.
* * * LOW HITPOINT WARNING * * *
The ball python constricts you.
Casting: Magic Dart (safe; 1% risk of failure)
Confirm with . or Enter, or press ? or * to list all spells.
Aiming: Magic Dart (safe; 1% risk of failure)
Press: ? - help, Shift-Dir - straight line, f/p - ball python
Aim: a ball python (severely wounded, constricting you, 100% to hit)
The magic dart hits the ball python.
You kill the ball python!
You hit the kobold.
The kobold is moderately wounded.
The kobold misses you.
You hit the kobold but do no damage.
The kobold is moderately wounded.
The kobold barely misses you.
You closely miss the kobold.
The kobold is moderately wounded.
The kobold hits you but does no damage.
Casting: Magic Dart (safe; 1% risk of failure)
Confirm with . or Enter, or press ? or * to list all spells.
Aiming: Magic Dart (safe; 1% risk of failure)
Press: ? - help, Shift-Dir - straight line, f - kobold
Aim: a kobold, wielding a +0 dagger and quivering stones (moderately wounded, 100% to hit)
You miscast Magic Dart.
You are very lightly contaminated with residual magic.
Nothing appears to happen.
The kobold barely misses you.
You hit the kobold but do no damage.
The kobold is moderately wounded.
The kobold hits you with a +0 dagger.
* * * LOW HITPOINT WARNING * * *
You hit the kobold but do no damage.
The kobold is moderately wounded.
The kobold hits you with a +0 dagger.
You die...

##.......## ##.###.#
#.........####...##.##
+.........'...........
#.........####...##.##
#.......####≈≈≈≈##.#
##.....## #....≈...#
##...#####.≈≈≈≈##.#
##........######.##
#@#####.## #... #K# #.
###. #)# ###8' ..)
##≈~~. ... ##~≈~.P
....# ##≈~P..8 ##...
#≈~~.... #.## #≈P.8..<
#≈≈~....


You could see a kobold.

Vanquished Creatures
  A bat (D:1)
  A giant cockroach (D:1)
  2 goblins (D:1)
  A ball python (D:1)
5 creatures vanquished.

Notes
Turn   | Place    | Note
-------+----------+-------------------------------------------
     0 | D:1      | SneakySnake the Deep Elf Conjurer began the quest for the
                  | Orb.
     0 | D:1      | Reached XP level 1. HP: 10/10 MP: 6/6
    67 | D:1      | Slain by a kobold

Illustrated notes

Levels and vault maps discovered:
D:1:      lightli_arrival_statuegarden, layout_loops_corners, serial_rivers,
          chequers_serial_rivers_large_b, chequers_serial_rivers_micro_b,
          chequers_serial_rivers_small_a, chequers_serial_rivers_micro_d,
          chequers_serial_rivers_micro_b, chequers_serial_rivers_micro_a,
          shapermc_ecumenical_altar_flowoftime

Action                   || total
-------------------------++-------
Melee: Unarmed           ||    24
 Cast: Magic Dart        ||     8
Armor: Robe              ||     5
Dodge: Dodged            ||    19

Table legend: (Time is in decaauts)
 A = Elapsed time spent in this place.
 B = Non-inter-level travel time spent in this place.
 C = Inter-level travel time spent in this place.
 D = Time resting spent in this place.
 E = Time spent auto-exploring this place.
 F = Levels seen in this place.
 G = Mean time per level.
                   A        B        C        D        E       F      G
               +--------+--------+--------+--------+--------+-----+--------+
         Total |     67 |     67 |      0 |      0 |     33 |   1 |   67.0 |
       Dungeon |     67 |     67 |      0 |      0 |     33 |   1 |   67.0 |
               +--------+--------+--------+--------+--------+-----+--------+

Top non-repeatable levels by time:
     D:1: 67 daAuts
